[Event "Titled Tuesday Blitz November 15 Late 2022"]
[White "Alekseenko, Kirill"]
[Black "Zhigalko, Sergei"]
[WhiteFideId "4135539"]
[BlackFideId "13502956"]
[WhiteElo "2682"]
[BlackElo "2662"]
[Result "1-0"]
[Round "05"]
[TimeControl "180+1"]
[Date "2022.11.15"]
[WhiteClock "0:00:36"]
[BlackClock "0:00:06"]

1. e4 c5 2. Nf3 Nc6 3. Bb5 Nf6 4. Bxc6 dxc6 5. d3 Bg4 6. h3 Bh5 7. Nc3 Qc7 8. Be3 e6 9. Qe2 Nd7 10. O-O-O Bd6 11. g4 Bg6 12. Nh4 O-O-O 13. f3 f6 14. Qf2 Bf7 15. f4 e5 16. Nf5 exf4 17. Nxd6+ Qxd6 18. Bxf4 Ne5 19. Kb1 h6 20. b3 b6 21. Ne2 Be6 22. d4 cxd4 23. Nxd4 Rhe8 24. Rd2 Qc5 25. Rhd1 Bd7 26. Be3 Qb4 27. Qf1 c5 28. Nf5 Bb5 29. Rxd8+ Rxd8 30. Rxd8+ Kxd8 31. Qd1+ Bd7 32. Qd6 g6 33. Qxf6+ Kc8 34. Nd6+ Kc7 35. Qxe5 Qc3 36. Nb5+ 1-0


[Site "https://www.chess.com"]

[Event "Titled Tuesday Blitz November 15 Late 2022"]
[White "Alexikov, Alexander"]
[Black "Bazzano, Sebastian"]
[WhiteFideId "14103958"]
[BlackFideId "104566"]
[WhiteElo "2222"]
[BlackElo "2265"]
[Result "1/2-1/2"]
[Round "05"]
[TimeControl "180+1"]
[Date "2022.11.16"]
[WhiteClock "0:00:21"]
[BlackClock "0:00:13"]

1. e4 e6 2. d4 d5 3. Nc3 dxe4 4. Nxe4 Bd7 5. Nf3 Bc6 6. Bd3 Bxe4 7. Bxe4 c6 8. c3 Nf6 9. Bc2 Bd6 10. O-O Nbd7 11. Re1 O-O 12. Bg5 Qc7 13. Bh4 Rfe8 14. Bg3 Bxg3 15. hxg3 e5 16. dxe5 Nxe5 17. Nxe5 Rxe5 18. Rxe5 Qxe5 19. Qe1 Re8 20. Qxe5 Rxe5 21. Kf1 Kf8 22. Re1 Rxe1+ 23. Kxe1 Ke7 24. f3 h6 25. g4 Nd5 26. Kf2 g5 27. g3 f6 28. Bf5 Kd6 29. Ke2 Ke5 30. Bc8 b6 31. Bb7 Ne7 32. a4 f5 33. gxf5 Kxf5 34. g4+ Kf4 35. Kf2 c5 36. b4 cxb4 37. cxb4 Ng6 38. a5 Ne5 39. Ke2 bxa5 40. bxa5 Nc4 41. a6 Ne5 42. Bd5 Ng6 43. Kd3 Ne5+ 44. Ke2 Ng6 45. Be4 Ne5 46. Bb7 Ng6 47. Kd3 Ne5+ 48. Ke2 Ng6 49. Bc6 Ne5 50. Bd5 1/2-1/2


[Site "https://www.chess.com"]

[Event "Titled Tuesday Blitz November 15 Late 2022"]
[White "Ali Abdullahi, Farah"]
[Black "Tan, Ralph"]
[WhiteFideId "16100212"]
[BlackFideId "30966590"]
[WhiteElo "2328"]
[BlackElo "2059"]
[Result "1-0"]
[Round "05"]
[TimeControl "180+1"]
[Date "2022.11.16"]
[WhiteClock "0:00:31"]
[BlackClock "0:00:10"]

1. d4 Nf6 2. Nf3 g6 3. c4 Bg7 4. Nc3 d6 5. Bg5 O-O 6. Bxf6 Bxf6 7. e3 c5 8. Be2 Nc6 9. d5 Na5 10. h3 a6 11. O-O Rb8 12. a4 Bf5 13. e4 Bxc3 14. exf5 Bxb2 15. Rb1 Bg7 16. Bd3 Qd7 17. Re1 gxf5 18. Qd2 b6 19. Qg5 e6 20. Qh5 h6 21. g4 fxg4 22. hxg4 exd5 23. Bf5 Qd8 24. g5 Re8 25. gxh6 Bf6 26. h7+ Kh8 27. Qxf7 Rxe1+ 28. Rxe1 Qf8 29. Qxd5 Qg7+ 30. Kf1 Rf8 31. Qxd6 Nxc4 32. Qd5 b5 33. axb5 axb5 34. Re6 Qh6 35. Qxc5 Qh1+ 36. Ke2 Qa1 37. Qxf8# 1-0


[Site "https://www.chess.com"]

[Event "Titled Tuesday Blitz November 15 Late 2022"]
[White "Andreassen, Lars"]
[Black "Krallis, Christos"]
[WhiteFideId "1504878"]
[BlackFideId "4298896"]
[WhiteElo "2119"]
[BlackElo "2243"]
[Result "0-1"]
[Round "05"]
[TimeControl "180+1"]
[Date "2022.11.16"]
[WhiteClock "0:01:17"]
[BlackClock "0:02:02"]

1. d4 d6 2. Nf3 g6 3. c4 Bg7 4. Nc3 Nd7 5. g3 e5 6. Bg2 Ne7 7. O-O O-O 8. e4 h6 9. Be3 Kh7 10. Qd2 Nc6 11. d5 Ne7 12. Rac1 f5 13. Nh4 f4 14. gxf4 exf4 15. Bxf4 g5 16. Bxg5 hxg5 17. Qxg5 Bh6 18. Qh5 Nf6 19. Qe2 Bxc1 20. Rxc1 Bg4 21. f3 Bh5 22. Bh3 Rg8+ 23. Kh1 Qf8 24. Nf5 Nxf5 25. Bxf5+ Bg6 26. Be6 Bf7 27. Bf5+ Kh8 28. e5 dxe5 29. Qxe5 Qg7 30. Qe2 Qg5 31. Qc2 Bh5 32. Rf1 Bxf3+ 33. Rxf3 Qg1# 0-1


[Site "https://www.chess.com"]

[Event "Titled Tuesday Blitz November 15 Late 2022"]
[White "Andronescu, Madalin"]
[Black "Romero Ruscalleda, Josep"]
[WhiteFideId "1217275"]
[BlackFideId "2231859"]
[WhiteElo "1946"]
[BlackElo "2183"]
[Result "1-0"]
[Round "05"]
[TimeControl "180+1"]
[Date "2022.11.16"]
[WhiteClock "0:00:03"]
[BlackClock "0:00:12"]

1. e4 g6 2. d4 Bg7 3. c4 d6 4. Nc3 e5 5. Nf3 Nc6 6. d5 Nce7 7. h3 f5 8. Bd3 Nf6 9. Bg5 O-O 10. Qc2 a6 11. O-O-O b5 12. c5 b4 13. Bxf6 Rxf6 14. Na4 fxe4 15. Bxe4 Bf5 16. Ng5 Bh6 17. h4 Qd7 18. c6 Bxe4 19. Qxe4 Qf5 20. Qxb4 Qxf2 21. Qb7 Rc8 22. Nc3 Qxg2 23. Kb1 Bxg5 24. Rdg1 Qd2 25. hxg5 Rf2 26. Ka1 Rcf8 27. Ne4 Qxd5 28. Nxf2 Rxf2 29. Qxc7 Nxc6 30. Qxh7+ Kf8 31. Qxg6 Rf7 32. Rf1 Nd8 33. Rxf7+ Nxf7 34. Rf1 e4 35. Qf6 Kg8 36. g6 e3 37. gxf7+ Kf8 38. Qd8+ Kg7 39. f8=Q+ Kg6 40. Rg1+ Qg2 41. Rxg2+ Kh5 42. Qg5# 1-0


[Site "https://www.chess.com"]

[Event "Titled Tuesday Blitz November 15 Late 2022"]
[White "Annaberdiyev, Babageldi"]
[Black "Buchenau, Frank"]
[WhiteFideId "14000385"]
[BlackFideId "4604350"]
[WhiteElo "2332"]
[BlackElo "2157"]
[Result "1/2-1/2"]
[Round "05"]
[TimeControl "180+1"]
[Date "2022.11.16"]
[WhiteClock "0:01:21"]
[BlackClock "0:01:08"]

1. e4 e6 2. d4 d5 3. e5 c5 4. c3 Qb6 5. Nf3 Bd7 6. Be2 cxd4 7. cxd4 Bb5 8. O-O Bxe2 9. Qxe2 Nc6 10. Be3 Nge7 11. Nc3 Nf5 12. Rfd1 Be7 13. a3 O-O 14. b4 Rfc8 15. Na4 Qd8 16. Rac1 a6 17. Nc5 Bxc5 18. Rxc5 Nce7 19. Rdc1 Rxc5 20. Rxc5 Rc8 21. Qc2 Rxc5 22. Qxc5 Qc8 23. Qxc8+ Nxc8 24. Kf1 Nb6 25. Nd2 f6 26. exf6 gxf6 27. Ke2 Kf7 28. Kd3 Nd6 29. Nb3 Nbc4 30. Bc1 b6 31. f3 e5 32. dxe5 fxe5 33. a4 Ke6 34. a5 bxa5 35. Nc5+ Kf5 36. bxa5 Nxa5 37. Nxa6 e4+ 38. fxe4+ dxe4+ 39. Ke2 Nb3 40. Be3 Nc4 41. Nb4 h5 42. Nd5 Nxe3 43. Nxe3+ Ke5 44. h4 Nd4+ 45. Kf2 Nf5 46. Nxf5 Kxf5 47. Ke3 Ke5 1/2-1/2


[Site "https://www.chess.com"]

[Event "Titled Tuesday Blitz November 15 Late 2022"]
[White "Antonio, Jorge Carlos"]
[Black "Silva Lucena, Cristian"]
[WhiteFideId "113190"]
[BlackFideId "2232588"]
[WhiteElo "2247"]
[BlackElo "2223"]
[Result "0-1"]
[Round "05"]
[TimeControl "180+1"]
[Date "2022.11.16"]
[WhiteClock "0:00:54"]
[BlackClock "0:01:33"]

1. d4 Nf6 2. Nf3 g6 3. c4 Bg7 4. Nc3 O-O 5. e4 d6 6. Be2 e5 7. O-O exd4 8. Nxd4 c6 9. f3 Re8 10. Be3 d5 11. cxd5 cxd5 12. Bg5 dxe4 13. Nxe4 Qb6 14. Kh1 Nxe4 15. fxe4 Qxd4 16. Qb3 Be6 17. Qxb7 Nd7 18. Rad1 Qxb2 19. Qxb2 Bxb2 20. Bb5 Nb6 21. Bxe8 Rxe8 22. h4 Kg7 23. Rfe1 Be5 24. Be3 Rc8 25. Bf2 Bxa2 26. Bxb6 axb6 27. Rd7 Be6 28. Rb7 Bd4 29. g3 Rc3 30. Kg2 Rc2+ 31. Kf3 Rf2# 0-1


[Site "https://www.chess.com"]

[Event "Titled Tuesday Blitz November 15 Late 2022"]
[White "Arnold, Ken"]
[Black "Janaszak, Dawid"]
[WhiteFideId "2056836"]
[BlackFideId "1119206"]
[WhiteElo "2345"]
[BlackElo "2226"]
[Result "1-0"]
[Round "05"]
[TimeControl "180+1"]
[Date "2022.11.16"]
[WhiteClock "0:01:16"]
[BlackClock "0:00:46"]

1. d4 d5 2. c4 e6 3. cxd5 exd5 4. Nf3 c6 5. Nc3 Nf6 6. Bf4 Bd6 7. Bg3 O-O 8. e3 Ne4 9. Bd3 f5 10. Bxd6 Qxd6 11. O-O Nd7 12. Qc2 b6 13. a3 Bb7 14. Rfd1 Rae8 15. Rac1 Ndf6 16. Ne5 Ng4 17. Bxe4 dxe4 18. Nxe4 fxe4 19. Nxg4 Kh8 20. b4 Rf5 21. h3 Rg5 22. Ne5 Qe6 23. Qc4 Rxe5 24. dxe5 Qxe5 25. Qf7 h6 26. Qxb7 Rf8 27. Qxc6 1-0


[Site "https://www.chess.com"]

[Event "Titled Tuesday Blitz November 15 Late 2022"]
[White "Artemenko, Oleg"]
[Black "Bilan, Danila"]
[WhiteFideId "14201798"]
[BlackFideId "24161918"]
[WhiteElo "2287"]
[BlackElo "2173"]
[Result "1-0"]
[Round "05"]
[TimeControl "180+1"]
[Date "2022.11.16"]
[WhiteClock "0:01:23"]
[BlackClock "0:00:01"]

1. d4 d5 2. Nc3 Nf6 3. Bf4 a6 4. e3 Bf5 5. f3 e6 6. g4 Bg6 7. h4 h6 8. Bd3 Bxd3 9. Qxd3 Bd6 10. Nge2 c5 11. O-O-O Nc6 12. g5 Nh5 13. Bxd6 Qxd6 14. f4 g6 15. Rhe1 O-O-O 16. Na4 Nb4 17. Qa3 c4 18. Nc5 Qb6 19. c3 Nc6 20. e4 Ng7 21. exd5 Rxd5 22. Ng3 hxg5 23. hxg5 Rh3 24. Nge4 Nf5 25. Nf6 Rd8 26. Qa4 Rdh8 27. Qxc4 Kb8 28. Nfd7+ 1-0


[Site "https://www.chess.com"]

[Event "Titled Tuesday Blitz November 15 Late 2022"]
[White "Avila Rodriguez, Joshua Ad"]
[Black "Deac, Bogdan-Daniel"]
[WhiteFideId "5126444"]
[BlackFideId "1226380"]
[WhiteElo "2125"]
[BlackElo "2648"]
[Result "0-1"]
[Round "05"]
[TimeControl "180+1"]
[Date "2022.11.16"]
[WhiteClock "0:00:09"]
[BlackClock "0:01:44"]

1. e4 g6 2. d4 Bg7 3. Nf3 c5 4. dxc5 Qa5+ 5. c3 Qxc5 6. Na3 d6 7. Nb5 a6 8. Be3 Qc6 9. Nfd4 Qd7 10. Na3 Nf6 11. Bd3 Ng4 12. Bd2 Ne5 13. Be2 O-O 14. O-O Qc7 15. f4 Ned7 16. Be3 b5 17. Nac2 Bb7 18. Bf3 Nc5 19. e5 dxe5 20. fxe5 Bxe5 21. Bxb7 Nxb7 22. Nf3 Bg7 23. Qe2 Nc6 24. Rad1 Nd6 25. Bf4 Rad8 26. Rfe1 Rfe8 27. Ne5 Nxe5 28. Bxe5 Qa7+ 29. Kh1 Bxe5 30. Qxe5 Nc4 31. Rxd8 Rxd8 32. Qxe7 Qxe7 33. Rxe7 Rd2 34. Ne1 Rxb2 35. a4 bxa4 36. Kg1 a3 37. Ra7 a5 38. Nd3 a2 39. Nxb2 a1=Q+ 40. Kf2 Qxb2+ 0-1


[Site "https://www.chess.com"]

[Event "Titled Tuesday Blitz November 15 Late 2022"]
[White "Bach, Matthias"]
[Black "Papayan, Oleg"]
[WhiteFideId "4603168"]
[BlackFideId "4193911"]
[WhiteElo "2165"]
[BlackElo "2153"]
[Result "1/2-1/2"]
[Round "05"]
[TimeControl "180+1"]
[Date "2022.11.16"]
[WhiteClock "0:00:38"]
[BlackClock "0:00:09"]

1. d4 Nf6 2. c4 e6 3. Nc3 Bb4 4. Bg5 h6 5. Bh4 c5 6. d5 Bxc3+ 7. bxc3 d6 8. e3 Qe7 9. Bd3 e5 10. Bc2 e4 11. Bxf6 Qxf6 12. Ne2 Bf5 13. O-O O-O 14. Ng3 Re8 15. Qb1 Nd7 16. f3 Bg6 17. Bxe4 Qxc3 18. Bxg6 Qxe3+ 19. Kh1 fxg6 20. Qxg6 Qg5 21. Qxd6 Nb6 22. Ne4 Qe5 23. Qxe5 Rxe5 24. Rac1 Nd7 25. Kg1 a6 26. a4 b5 27. axb5 axb5 28. cxb5 Rxd5 29. Rfd1 Rd4 30. Rxd4 cxd4 31. Rc4 d3 32. Rd4 Ne5 33. h3 Ra1+ 34. Kf2 Rb1 35. Nd6 Rb2+ 36. Kg3 d2 37. Ne4 Nc4 38. b6 Kf7 39. b7 Rxb7 40. Nxd2 Nxd2 41. Rxd2 Rb4 42. Re2 Kf6 43. Re4 Rb3 44. h4 Rb2 45. h5 Rb5 46. Kg4 Rg5+ 47. Kh3 Rxh5+ 48. Rh4 Rg5 49. Rg4 Rh5+ 50. Rh4 Ra5 51. Rg4 g5 52. Re4 Ra1 53. Kg3 Rh1 54. Rb4 Rc1 55. Rb6+ Kg7 56. Kh2 Rc4 57. Kh3 Rh4+ 58. Kg3 Rc4 59. Kh3 h5 60. Kg3 Rh4 61. Kf2 Ra4 62. Kg3 Rc4 63. Kh3 Rc1 64. Kg3 Rc4 65. Kf2 Rf4 66. Kg3 Rf5 67. Kh3 Re5 68. Kg3 Rc5 69. Kf2 Rc4 70. Kg3 h4+ 71. Kh3 Rd4 72. Kh2 Rd2 73. Kh3 Rd4 74. Kh2 Rf4 75. Kh3 Rc4 76. Kh2 Ra4 77. Kh3 Kh7 78. Kh2 Rf4 79. Kh3 Rc4 80. Kh2 g4 81. fxg4 Rxg4 82. Kh3 Rg3+ 83. Kxh4 Rxg2 84. Rb7+ Kg6 85. Rb6+ Kg7 86. Rb5 Kh8 87. Rh5+ Kg8 88. Rg5+ Rxg5 89. Kxg5 1/2-1/2


[Site "https://www.chess.com"]

[Event "Titled Tuesday Blitz November 15 Late 2022"]
[White "Badelka, Olga"]
[Black "Paiva, Henrique M A Albergaria"]
[WhiteFideId "13509926"]
[BlackFideId "1920995"]
[WhiteElo "2337"]
[BlackElo "1953"]
[Result "1-0"]
[Round "05"]
[TimeControl "180+1"]
[Date "2022.11.16"]
[WhiteClock "0:00:02"]
[BlackClock "0:00:11"]

1. d4 d5 2. c4 c6 3. Nf3 Nf6 4. e3 Bg4 5. Nc3 e6 6. h3 Bh5 7. g4 Bg6 8. Ne5 Nbd7 9. Nxg6 hxg6 10. Bg2 Bd6 11. c5 Bc7 12. f4 b6 13. b4 a5 14. b5 bxc5 15. bxc6 Nb6 16. dxc5 Nc4 17. O-O Qe7 18. g5 Qxc5 19. gxf6 Nxe3 20. Na4 Qa7 21. Bxe3 Qxe3+ 22. Rf2 gxf6 23. Qb3 Qa7 24. Qb7 O-O 25. Qxa7 Rxa7 26. Rb1 Rc8 27. Rb7 Ra6 28. f5 gxf5 29. Rc2 Kf8 30. Bf1 Raa8 31. Bb5 e5 32. Nc5 d4 33. Nd7+ Kg7 34. Nb6 Bxb6 35. Rxb6 e4 36. c7 d3 37. Rc5 Ra7 38. Rbc6 d2 39. Be2 e3 40. Kf1 Kg6 41. h4 Rb7 42. h5+ Kg5 43. Kg2 Rb1 44. Rd5 Re1 45. Kf3 Rc1 46. Rdd6 Rxc7 47. Rxc7 Rxc7 48. Kxe3 d1=Q 49. Rxd1 Re7+ 50. Kf2 Re4 51. Rd3 Rf4+ 52. Rf3 Rh4 53. Rg3+ Kf4 54. Rg7 Rh2+ 55. Rg2 Rh4 56. Rg7 Rh2+ 57. Ke1 Ke3 58. Rg3+ Kf4 59. Ra3 Kg5 60. Rxa5 Rh1+ 61. Kd2 Rh2 62. Rd5 Rh1 63. a4 Ra1 64. a5 Kf4 65. a6 Ra2+ 66. Ke1 Ke3 67. Bc4 Ra1+ 68. Rd1 Ra4 69. Rd3+ Ke4 70. Rc3 Kd4 71. Rc2 f4 72. h6 f3 73. Kf2 Rxc4 74. Rxc4+ Kxc4 75. a7 1-0


[Site "https://www.chess.com"]

[Event "Titled Tuesday Blitz November 15 Late 2022"]
[White "Barria Zuniga, Daniel"]
[Black "Leschinsky, Gary"]
[WhiteFideId "3400816"]
[BlackFideId "30951321"]
[WhiteElo "2414"]
[BlackElo "1855"]
[Result "1-0"]
[Round "05"]
[TimeControl "180+1"]
[Date "2022.11.16"]
[WhiteClock "0:00:04"]
[BlackClock "0:00:01"]

1. d4 d5 2. c4 c6 3. Nf3 Nf6 4. Nc3 e6 5. Bg5 Be7 6. e3 h6 7. Bxf6 Bxf6 8. Qc2 O-O 9. O-O-O a6 10. h4 dxc4 11. g4 b5 12. g5 Be7 13. gxh6 gxh6 14. Bh3 Nd7 15. Rdg1+ Kh8 16. Qe4 Bd6 17. Ne5 Bb7 18. Qg4 Bxe5 19. dxe5 Rg8 20. Qf4 Qf8 21. Rxg8+ Qxg8 22. Ne4 c5 23. Qxh6+ Qh7 24. Qxh7+ Kxh7 25. Ng5+ Kg8 26. Rg1 Nxe5 27. Nxe6+ Kh8 28. Nxc5 Bd5 29. Rg5 f6 30. Rh5+ Kg7 31. f4 Bf7 32. Rf5 Bg6 33. fxe5 Bxf5 34. Bxf5 fxe5 35. h5 Rh8 36. Bg6 Kf6 37. Ne4+ Ke6 38. Kd2 Rf8 39. a3 Kd5 40. Ng5 Rf2+ 41. Kc3 Re2 42. h6 Rxe3+ 43. Kd2 Rb3 44. h7 Rxb2+ 45. Bc2 1-0


[Site "https://www.chess.com"]

[Event "Titled Tuesday Blitz November 15 Late 2022"]
[White "Besedes, Danilo"]
[Black "Allahverdiyeva, Ayan"]
[WhiteFideId "946796"]
[BlackFideId "13412590"]
[WhiteElo "2352"]
[BlackElo "2021"]
[Result "1/2-1/2"]
[Round "05"]
[TimeControl "180+1"]
[Date "2022.11.16"]
[WhiteClock "0:00:34"]
[BlackClock "0:00:05"]

1. e4 c5 2. d4 cxd4 3. c3 dxc3 4. Nxc3 d6 5. Nf3 Nc6 6. Bc4 a6 7. O-O Nf6 8. h3 e6 9. Qe2 Be7 10. Rd1 Qc7 11. Bf4 O-O 12. Rac1 Qb8 13. Bb3 Na5 14. Bc2 e5 15. Bg5 Be6 16. Bxf6 Bxf6 17. Nd5 Bd8 18. Bb1 b5 19. b3 Ra7 20. Qd2 Rd7 21. Rc3 Nb7 22. b4 a5 23. a3 axb4 24. axb4 Qa7 25. Bd3 Bb6 26. Bxb5 Bxd5 27. Bxd7 Bxe4 28. Bc6 Bxf3 29. Bxf3 Bd4 30. Rc2 Qb6 31. Rb1 Nd8 32. Bd5 Ne6 33. g3 Kh8 34. Qd3 Ng5 35. Kg2 f5 36. h4 e4 37. Qc4 Nf3 38. Qc6 Qb8 39. b5 Qd8 40. Bxe4 fxe4 41. Qxe4 Bb6 42. Rd1 Ne5 43. f4 Ng4 44. Re2 Nf6 45. Qe7 d5 46. Qxd8 Rxd8 47. Re6 h6 48. Rxb6 d4 49. Kf3 d3 50. Rxf6 gxf6 51. Ke4 Rb8 52. Kf5 Rxb5+ 53. Kxf6 Rd5 54. Kg6 d2 55. Kxh6 Rd3 56. g4 Rd6+ 57. Kg5 Kg7 58. f5 Rd4 59. h5 Kf7 60. h6 Rd8 61. Kh5 Kf6 62. g5+ Kxf5 63. h7 Rd3 64. Rf1+ Ke6 65. h8=Q Rh3+ 66. Kg6 Rxh8 67. Rd1 Rd8 68. Kg7 Kf5 69. g6 Rd7+ 70. Kh6 Rd6 71. Rf1+ Ke4 72. Kh7 d1=Q 73. Rxd1 Rxd1 74. g7 Rg1 75. g8=Q Rxg8 76. Kxg8 1/2-1/2


[Site "https://www.chess.com"]

[Event "Titled Tuesday Blitz November 15 Late 2022"]
[White "Castella Garcia, Fausto"]
[Black "Joubert, Dantelle"]
[WhiteFideId "3501922"]
[BlackFideId "14310813"]
[WhiteElo "2245"]
[BlackElo "1507"]
[Result "1-0"]
[Round "05"]
[TimeControl "180+1"]
[Date "2022.11.16"]
[WhiteClock "0:00:50"]
[BlackClock "0:00:05"]

1. e4 e5 2. Nf3 Nc6 3. Bb5 Nf6 4. O-O Nxe4 5. Re1 Nd6 6. Nxe5 Nxe5 7. Rxe5+ Be7 8. Bd3 O-O 9. Nc3 Bf6 10. Re3 g6 11. Nd5 Bg7 12. Ne7+ Kh8 13. c4 c6 14. Rb1 Re8 15. Nxc8 Nxc8 16. Qe2 Nd6 17. c5 Nb5 18. Bxb5 cxb5 19. Qxb5 b6 20. b4 bxc5 21. bxc5 Bd4 22. Rxe8+ Qxe8 23. Bb2 Qe5 24. Bxd4 Qxd4 25. Qb2 Qxb2 26. Rxb2 Rc8 27. d4 d6 28. Rc2 dxc5 29. dxc5 Rc6 30. Kf1 Kg7 31. Ke2 Kf6 32. Kd3 Ke5 33. Kc4 Ra6 34. Re2+ Kf6 35. Kb5 Ra3 36. Rc2 Ke7 37. c6 Kd8 38. Rd2+ Kc8 39. Rd7 Rxa2 40. Rxf7 Rb2+ 41. Kc5 Rc2+ 42. Kd6 Rd2+ 43. Ke7 h5 44. Kf8 a5 45. Ra7 Rd5 46. Kg7 g5 47. Kg6 h4 48. Kh5 Rc5 49. f4 gxf4+ 50. Kxh4 Rxc6 51. Rxa5 Rc2 52. Rg5 Kd7 53. Kh3 Ke6 54. Ra5 Kf6 55. Kg4 Rxg2+ 56. Kh3 Rf2 57. Ra4 Kf5 58. Ra8 Ke4 59. Re8+ Kf3 60. Rf8 1-0


[Site "https://www.chess.com"]

[Event "Titled Tuesday Blitz November 15 Late 2022"]
[White "Chigaev, Maksim"]
[Black "Hansen, Sune Berg"]
[WhiteFideId "4108116"]
[BlackFideId "1400266"]
[WhiteElo "2541"]
[BlackElo "2737"]
[Result "1-0"]
[Round "05"]
[TimeControl "180+1"]
[Date "2022.11.15"]
[WhiteClock "0:01:59"]
[BlackClock "0:01:57"]

1. Nf3 Nf6 2. c4 g6 3. Nc3 d6 4. d4 Nbd7 5. e4 e5 6. Be2 Bg7 7. O-O O-O 8. Be3 Re8 9. d5 Nh5 10. g3 Bf8 11. Ne1 Ng7 12. Nd3 f5 13. b4 Be7 14. Qd2 a5 15. bxa5 Rxa5 16. a4 c6 17. Rab1 Nf6 18. Bb6 1-0


[Site "https://www.chess.com"]

[Event "Titled Tuesday Blitz November 15 Late 2022"]
[White "Clawitter, Craig"]
[Black "Milchev, Nikolay"]
[WhiteFideId "2023105"]
[BlackFideId "2906090"]
[WhiteElo "2238"]
[BlackElo "2449"]
[Result "0-1"]
[Round "05"]
[TimeControl "180+1"]
[Date "2022.11.16"]
[WhiteClock "0:00:03"]
[BlackClock "0:02:01"]

1. e4 Nf6 2. e5 Nd5 3. c4 Nb6 4. d4 d6 5. exd6 cxd6 6. Nc3 g6 7. Be3 Bg7 8. Rc1 O-O 9. b3 a5 10. Qd2 a4 11. Bh6 axb3 12. axb3 Nc6 13. Bxg7 Kxg7 14. Nf3 e5 15. dxe5 dxe5 16. c5 Qxd2+ 17. Nxd2 Nd7 18. Nb5 Ra2 19. Bc4 Nb4 20. Ne4 Nc2+ 21. Kd1 Nb4 22. Nbc3 Rb2 23. Na4 Ra2 24. Re1 Rd8 25. Nd6 Nxc5 26. Nxc5 Rxd6+ 0-1


[Site "https://www.chess.com"]

[Event "Titled Tuesday Blitz November 15 Late 2022"]
[White "Curtis, John"]
[Black "Palencia Morales, Wilson Guillermo"]
[WhiteFideId "3200256"]
[BlackFideId "4401859"]
[WhiteElo "2203"]
[BlackElo "2160"]
[Result "0-1"]
[Round "05"]
[TimeControl "180+1"]
[Date "2022.11.16"]
[WhiteClock "0:00:19"]
[BlackClock "0:00:14"]

1. e4 c5 2. Nf3 d6 3. d4 cxd4 4. Nxd4 Nf6 5. Nc3 g6 6. Bc4 Bg7 7. Bb3 O-O 8. f3 Nc6 9. Be3 Bd7 10. Qd2 Rc8 11. O-O-O Ne5 12. Kb1 Re8 13. Nde2 a5 14. h3 b5 15. f4 Nc4 16. Bxc4 Rxc4 17. e5 Ne4 18. Nxe4 Rxe4 19. Nc3 Rc4 20. Nd5 Be6 21. Bb6 Qb8 22. Bxa5 dxe5 23. fxe5 Qa7 24. Bc3 Ra8 25. a3 Qb7 26. Nb4 h5 27. Nd3 Rd8 28. g4 Qd5 29. Nb4 Qxd2 30. Rxd2 Rxd2 31. Bxd2 hxg4 32. hxg4 Rxg4 33. Bc3 Re4 34. Nc6 g5 35. Nxe7+ Kf8 36. Nc6 g4 37. Rg1 Rf4 38. Rd1 Kg8 39. Rh1 g3 40. Rg1 Rg4 41. Bd2 g2 42. Be1 Kf8 43. Bf2 Bd5 44. Bc5+ Ke8 45. Nb4 Be4 46. b3 Bxe5 47. Re1 Bh2 48. Bg1 Bxg1 49. Rxg1 Rf4 50. Kb2 Rf1 51. Rxg2 Bxg2 52. Nc6 Be4 53. Nd4 Rf2 54. Kc3 f5 55. Kb4 Bxc2 56. Nxb5 f4 57. Nd4 Bd1 58. a4 Rd2 59. Kc3 Rh2 60. b4 f3 61. Nxf3 Bxf3 62. b5 Kd7 63. Kb4 Kc7 64. a5 Kb7 65. Kc5 Rh5+ 66. Kb4 Be2 67. b6 Rb5+ 68. Kc3 Ka6 69. Kd2 Rxa5 70. b7 Kxb7 71. Kxe2 Rd5 72. Ke3 Kc6 73. Ke4 Kc5 74. Kf4 Rd4+ 75. Ke5 Rd1 76. Ke4 Rd8 77. Ke5 Re8+ 78. Kf4 Kd5 79. Kf5 Rf8+ 80. Kg6 Ke5 81. Kg7 Rf1 82. Kg6 Rf2 83. Kg5 Rg2+ 84. Kh4 Kf4 85. Kh3 Rg8 86. Kh2 Kf3 87. Kh3 Rh8# 0-1


[Site "https://www.chess.com"]

[Event "Titled Tuesday Blitz November 15 Late 2022"]
[White "D`Arruda, Ricardo D."]
[Black "Tanenbaum, Zachary"]
[WhiteFideId "100692"]
[BlackFideId "2060850"]
[WhiteElo "2488"]
[BlackElo "2175"]
[Result "1-0"]
[Round "05"]
[TimeControl "180+1"]
[Date "2022.11.16"]
[WhiteClock "0:00:20"]
[BlackClock "0:00:06"]

1. d4 d5 2. Nf3 Nf6 3. Nbd2 Bf5 4. e3 e6 5. Be2 c5 6. Nh4 Be4 7. Nxe4 dxe4 8. g3 Nc6 9. c3 Be7 10. f4 exf3 11. Nxf3 O-O 12. O-O Qc7 13. Bd3 Rad8 14. Qc2 e5 15. Nxe5 Nxe5 16. dxe5 Qxe5 17. e4 c4 18. Be2 Nxe4 19. Bf4 Qd5 20. Bf3 Bc5+ 21. Kg2 f5 22. Rad1 Qe6 23. Rxd8 Rxd8 24. Re1 Rd3 25. g4 Qg6 26. Qe2 Bd6 27. Bc1 h5 28. Bxe4 fxe4 29. Qxe4 Qxe4+ 30. Rxe4 Rd1 31. Bg5 hxg4 32. Rxc4 Re1 33. Rxg4 Re2+ 34. Kf3 Rxb2 35. Rg2 Rxg2 36. Kxg2 Kf7 37. h3 Ke6 38. Kf3 Be5 39. c4 Kf5 40. Be3 a6 41. a4 g5 42. Bf2 Bc3 43. Be3 Ba5 44. Bd4 Bc7 45. Bc3 Bd6 46. Bd4 Be7 47. Bc3 Bd8 48. Bd4 Ke6 49. Ke4 Kd6 50. Kf5 Kc6 51. Be3 Bc7 52. Bxg5 Kc5 53. h4 Kxc4 54. h5 Ba5 55. h6 Bc3 56. Bf6 Bxf6 57. Kxf6 b5 58. axb5 axb5 59. h7 b4 60. h8=Q b3 61. Kf5 Kd3 62. Qb2 Kc4 63. Ke4 Kb4 64. Kd4 Ka4 65. Kc5 Ka5 66. Qa3# 1-0


[Site "https://www.chess.com"]

[Event "Titled Tuesday Blitz November 15 Late 2022"]
[White "Danielyan, Vahe"]
[Black "Urbina Perez, Juan Antonio"]
[WhiteFideId "13304828"]
[BlackFideId "2217368"]
[WhiteElo "2423"]
[BlackElo "2197"]
[Result "0-1"]
[Round "05"]
[TimeControl "180+1"]
[Date "2022.11.16"]
[WhiteClock "0:01:12"]
[BlackClock "0:00:03"]

1. e4 c5 2. Nc3 Nc6 3. Bb5 Nd4 4. Bc4 e6 5. Nge2 Nxe2 6. Qxe2 a6 7. d3 Ne7 8. O-O Nc6 9. f4 Be7 10. f5 Na5 11. Bf4 O-O 12. Kh1 b5 13. Bb3 Nxb3 14. axb3 Bb7 15. Qf2 d5 16. exd5 exd5 17. Rae1 d4 18. Ne4 Bxe4 19. Rxe4 Bf6 20. Rfe1 Qd7 21. Be5 Bxe5 22. Rxe5 Rfe8 23. f6 Rxe5 24. Rxe5 Re8 25. Qg3 g6 26. Qe1 Re6 27. Rxe6 Qxe6 28. Qf2 h6 29. h3 g5 30. Qf3 Kh7 31. g4 Kg6 32. Kg2 Qxf6 33. Qa8 Kg7 34. Qc8 Qe5 35. Kf1 Qf4+ 36. Ke2 Qe3+ 37. Kd1 Qg1+ 38. Kd2 Qf2+ 39. Kd1 Qf1+ 40. Kd2 Qxh3 41. Qf5 Qe3+ 42. Kd1 Qf4 43. Qc8 Qf1+ 44. Kd2 Qf2+ 45. Kd1 Qf3+ 46. Kd2 Qf4+ 47. Ke2 Qe5+ 48. Kd1 Qe6 49. Qxc5 Qxg4+ 50. Kc1 Qf4+ 51. Kb1 h5 52. c3 h4 53. cxd4 h3 54. Qd5 h2 55. Qg2 g4 56. d5 g3 57. d6 Qxd6 58. Ka2 Qf4 59. d4 Qf2 60. Qh3 Qf3 61. Qh4 h1=Q 62. Qg5+ Kh7 63. Qf5+ Qxf5 64. d5 Qfxd5 0-1


[Site "https://www.chess.com"]

[Event "Titled Tuesday Blitz November 15 Late 2022"]
[White "Djokic, Mihailo"]
[Black "Swiercz, Dariusz"]
[WhiteFideId "976440"]
[BlackFideId "1126881"]
[WhiteElo "2315"]
[BlackElo "2627"]
[Result "0-1"]
[Round "05"]
[TimeControl "180+1"]
[Date "2022.11.16"]
[WhiteClock "0:00:08"]
[BlackClock "0:00:32"]

1. e4 e5 2. Nf3 Nc6 3. Nc3 Nf6 4. Bb5 Bb4 5. O-O O-O 6. d3 Bxc3 7. bxc3 d6 8. Re1 Ne7 9. d4 Ng6 10. dxe5 dxe5 11. Ba3 Bg4 12. Bxf8 Qxf8 13. h3 Bxf3 14. Qxf3 Qc5 15. Rab1 a6 16. Bf1 b6 17. Qe3 Qe7 18. Bc4 Nd7 19. Red1 Nc5 20. Bd5 Rf8 21. g3 a5 22. Kg2 Qf6 23. h4 h6 24. Rd2 Ne7 25. Bc4 Nc8 26. Rf1 Nd6 27. Bd5 c6 28. Bb3 a4 29. Rfd1 Ndxe4 30. Re2 axb3 31. cxb3 Qe6 32. b4 Na4 33. Qxe4 Nxc3 34. Qc2 Nxd1 35. Qxd1 b5 36. f4 Ra8 37. Qd2 e4 38. Qc2 f5 39. Kh3 Qg6 40. Kh2 Kh7 41. Re3 Rd8 42. a3 Rd4 43. Rc3 Qg4 44. Rxc6 e3 45. Re6 Rd2+ 0-1


[Site "https://www.chess.com"]